 Dungeon Crawl Stone Soup version 0.28.0 (webtiles) character file.

Game seed: 15430345180531625828

351 tilp the Chopper (level 6, -2/53 HPs)
             Began as a Hill Orc Fighter on Feb 9, 2022.
             Slain by a gnoll (8 damage)
             ... on level 4 of the Dungeon.
             The game lasted 00:04:00 (3226 turns).

tilp the Chopper (Hill Orc Fighter)                 Turns: 3226, Time: 00:04:01

Health: -2/53      AC: 10    Str: 21    XL:     6   Next: 61%
Magic:  6/6        EV:  7    Int:  8    God:
Gold:   214        SH:  4    Dex: 10    Spells: 5/5 levels left

rFire   . . .      SeeInvis .   a - +0 war axe (freeze)
rCold   . . .      Faith    .   c - +0 buckler
rNeg    + . .      Spirit   .   o - +0 chain mail
rPois   .          Reflect  .   f - +0 helmet
rElec   .          Harm     .   (no cloak)
rCorr   .          Rampage  .   (no gloves)
Will    .....                   (no boots)
Stlth   ..........              (no amulet)
HPRegen 0.17/turn               h - ring of positive energy
MPRegen 0.10/turn               (no ring)

@: no status effects
A: no striking features
a: no special abilities


You were on level 4 of the Dungeon.
You visited 1 branch of the dungeon, and saw 4 of its levels.

You collected 214 gold pieces.

Inventory:

Hand Weapons
 a - a +0 war axe of freezing (weapon)
Missiles
 i - 2 boomerangs of dispersal
 k - 97 stones (quivered)
 m - 7 javelins
Armour
 c - a +0 buckler (worn)
 f - a +0 helmet (worn)
 o - a +0 chain mail (worn)
Magical Staves
 p - a staff of fire
Jewellery
 h - a ring of positive energy (left hand)
 q - a ring of fire
Scrolls
 j - a scroll of fog
Potions
 e - 2 potions of invisibility
 g - a potion of heal wounds
 l - 5 potions of curing
 n - a potion of flight
 r - a potion of magic {unknown}


   Skills:
 + Level 4.7 Fighting
 + Level 6.6 Axes
 - Level 4.0 Armour
 + Level 1.6 Dodging
 - Level 4.0 Shields


You had 5 spell levels left.
You didn't know any spells.
Your spell library contained the following spells:

 Spells                   Type           Power      Damage    Failure   Level
 Confusing Touch          Hex            0%         N/A       100%        3
 Yara's Violent Unravell  Hex/Tmut       0%         3d3       100%        5
 Enfeeble                 Hex            0%         N/A       100%        7


Dungeon Overview and Level Annotations

Branches:
Dungeon (4/15)
 Temple: D:4-7

Altars:
Qazlal


Message History

The gnoll shaman is severely wounded.
The gnoll shaman closely misses you.
You hit the gnoll shaman. You freeze the gnoll shaman.
You kill the gnoll shaman!
The gnoll hits you with a +0 flail!
Training target 4.0 for Shields reached!
Training target 4.0 for Armour reached!
Your Armour skill increases to level 4!
Your Shields skill increases to level 4!
You slash the gnoll! You freeze the gnoll.
You kill the gnoll!
You block the gnoll's attack. The goblin closely misses you.
You see here a +0 flail.
You hit the goblin. You freeze the goblin.
You kill the goblin!
The gnoll hits you but does no damage.
The gnoll hits you from afar with a +0 spear.
The gnoll hits you but does no damage. The gnoll completely misses you.
The gnoll hits you but does no damage.
A gnoll is nearby!
You slash the gnoll! You freeze the gnoll.
The gnoll is almost dead.
The gnoll hits you but does no damage.
You slash the gnoll! You freeze the gnoll.
You kill the gnoll!
The gnoll completely misses you.
You barely miss the gnoll. The gnoll hits you with a +0 flail.
* * * LOW HITPOINT WARNING * * *
You closely miss the gnoll. The gnoll hits you with a +0 flail.
* * * LOW HITPOINT WARNING * * *
You barely miss the gnoll. The gnoll hits you with a +0 flail.
* * * LOW HITPOINT WARNING * * *
You closely miss the gnoll. The gnoll barely misses you.
The gnoll hits you with a +0 flail.
* * * LOW HITPOINT WARNING * * *
You hit the gnoll. You freeze the gnoll.
The gnoll is heavily wounded.
The gnoll hits you with a +0 flail!
You die...

#....>...............
#####........†.......
#................
#######.#............##
###...())..............#
#......##..............#
#.....g#...............#
#.....g#...............#
#......#@..............#
######.g.......^.......#
###...............##
#.........###[....
###.#.#.### #.....
#.#...# #..... #....##
#..... ####.# #.....
#.###########


You could see a gnoll.

Vanquished Creatures
  A water moccasin (D:4)
  A scorpion (D:4)
  A gnoll shaman (D:4)
  Ijyb (D:4)
  An iguana (D:4)
  2 gnolls (D:4)
  3 adders
  A dart slug (D:2)
  2 orcs (D:3)
  3 ball pythons
  4 bats
  8 endoplasms
  A giant cockroach (D:3)
  2 goblins (D:4)
  3 hobgoblins
  4 jackals
  5 quokkas
  A frilled lizard (D:1)
  4 kobolds
  8 rats
56 creatures vanquished.

Notes
Turn   | Place    | Note
-------+----------+-------------------------------------------
     0 | D:1      | tilp the Hill Orc Fighter began the quest for the Orb.
     0 | D:1      | Reached XP level 1. HP: 19/19 MP: 1/1
    73 | D:1      | Reached skill level 3 in Axes
   201 | D:1      | Reached XP level 2. HP: 20/27 MP: 2/2
   424 | D:1      | Reached skill level 4 in Axes
   591 | D:1      | Reached XP level 3. HP: 30/33 MP: 3/3
   632 | D:1      | Found a faded altar of an unknown god.
  1911 | D:3      | Reached skill level 5 in Axes
  1964 | D:3      | Reached XP level 4. HP: 40/40 MP: 4/4
  2024 | D:3      | Identified the +0 helmet of Fedhas's Pride {rF+ Int+4}
  2572 | D:4      | Noticed Ijyb
  2573 | D:4      | Noticed a scorpion
  2583 | D:4      | Killed Ijyb
  2584 | D:4      | Reached skill level 6 in Axes
  2587 | D:4      | Killed a scorpion
  2588 | D:4      | Reached XP level 5. HP: 26/46 MP: 5/5
  2794 | D:4      | Found a stormy altar of Qazlal.
  2961 | D:4      | Noticed a water moccasin
  2968 | D:4      | Killed a water moccasin
  2969 | D:4      | Reached skill level 1 in Dodging
  2969 | D:4      | Reached XP level 6. HP: 23/53 MP: 6/6
  3226 | D:4      | Slain by a gnoll

Illustrated notes

Levels and vault maps discovered:
D:1:      onia_arrival_pentagram, layout_loops_ring,
          dreamdust_ecumenical_altar_angels_and_demons, minmay_tromino_v7
D:2:      layout_basic
D:3:      layout_basic, chequers_serial_rivers_micro_d
D:4:      layout_basic, mainiacjoe_overflow_catwalk, uniq_ijyb

Skill      XL: |  1  2  3  4  5  6 |
---------------+-------------------+-----
Axes           | 3 4 5 6 |  6.6
Fighting       | 4 |  4.7
Dodging        | 1 |  1.6
Armour         | 4 |  4.0
Shields        | 4 |  4.0

Action                   |  1- 3 |  4- 6 || total
-------------------------+-------+-------++-------
Melee: War axe           |    95 |    69 ||   164
  Use: Scroll            |     6 |     2 ||     8
       Potion            |       |     1 ||     1
Armor: Scale mail        |    29 |       ||    29
       Chain mail        |    13 |    43 ||    56
Dodge: Dodged            |    41 |    37 ||    78
Block: Buckler           |    21 |    10 ||    31
